 Dungeon Crawl Stone Soup version 0.30-a0-718-geaa24f58ff (webtiles) character file.

Game seed: 18094914417472306966

95 mandarbmax the Shooter (level 4, -3/33 HPs)
             Began as a Formicid Hunter on Jan 26, 2023.
             Slain by Terence
             ... wielding a +0 flail
              (8 damage)
             ... on level 2 of the Dungeon.
             The game lasted 00:02:43 (1339 turns).

mandarbmax the Shooter (Formicid Hunter)            Turns: 1339, Time: 00:02:44

Health: -3/33      AC:  3    Str: 15    XL:     4   Next: 97%
Magic:  4/4        EV: 12    Int:  9    God:
Gold:   112        SH:  0    Dex: 19    Spells: 3/3 levels left

rFire   . . .      SeeInvis +    a - +0 shortbow
rCold   . . .      Faith    .    (no shield)
rNeg    . . .      Spirit   .    c - +0 leather armour
rPois   .          Reflect  .    (helmet unavailable)
rElec   .          Harm     .    (no cloak)
rCorr   .          Rampage  .    (no gloves)
Will    .....                    (no boots)
Stlth   ++                       (no amulet)
HPRegen 0.25/turn                (no ring)
MPRegen 0.09/turn                (no ring)

@: mighty, attractive
A: permanent stasis, dig shafts and tunnels, antennae 3, four strong arms
a: Dig, Shaft Self


You were on level 2 of the Dungeon.
You visited 1 branch of the dungeon, and saw 2 of its levels.

You collected 112 gold pieces.

Inventory:

Hand Weapons
 a - a +0 shortbow (weapon)
Armour
 c - a +0 leather armour (worn)
Jewellery
 h - an amulet of reflection
Scrolls
 b - 2 scrolls of immolation
 d - 2 scrolls of identify
 f - 2 scrolls of teleportation {unknown}
 g - a scroll of brand weapon {unknown}
 i - a scroll of magic mapping {unknown}
 j - 2 scrolls of vulnerability
 l - a scroll of torment {unknown}
Potions
 e - 2 potions of degeneration
 k - a potion of heal wounds {unknown}
 m - a potion of might
 n - a potion of flight {unknown}
 o - a potion of attraction


   Skills:
 - Level 2.1 Fighting
 + Level 5.9 Ranged Weapons
 - Level 1.7 Dodging
 - Level 1.2 Stealth


You had 3 spell levels left.
You didn't know any spells.
Your spell library was empty.

Dungeon Overview and Level Annotations

Branches:
Dungeon (2/15)

Altars:

Shops:
D:2 *

Annotations:
D:2 Terence


Innate Abilities, Weirdness & Mutations

You cannot be hasted, slowed, berserked, paralysed or teleported.
You can dig through walls and to a lower floor.
You have a pair of large antennae on your head. (SInv)
Your four strong arms can wield two-handed weapons with a shield.


Message History

Terence hits you with a +0 flail!
You are too injured to fight recklessly!
You are too injured to fight recklessly!
You are too injured to fight recklessly!
You are too injured to fight recklessly!
You are too injured to fight recklessly!
You are too injured to fight recklessly!
You are too injured to fight recklessly!
You are too injured to fight recklessly!
You are too injured to fight recklessly!
You are too injured to fight recklessly!
You are too injured to fight recklessly!
You are too injured to fight recklessly!
You are too injured to fight recklessly!
You are too injured to fight recklessly!
You are too injured to fight recklessly!
You are too injured to fight recklessly!
You are too injured to fight recklessly!
You are too injured to fight recklessly!
You are too injured to fight recklessly!
As you read the scroll labelled NOEXAU QOGODIU, it crumbles to dust.
It is a scroll of identify.
e - 2 potions of degeneration Terence hits you with a +0 flail!
* * * LOW HITPOINT WARNING * * *
Okay, then.
It was a potion of attraction.
You feel attractive to monsters. Terence barely misses you.
It was a potion of might.
You feel very mighty all of a sudden. Terence completely misses you.
Fire: a) +0 shortbow
Press: ? - help, Q - select action, (/) - cycle Shift-Dir - straight line, f/p - Terence
Aim: Terence, wielding a +0 flail and wearing a +1 scale mail of cold resistance (severely wounded, 68% to hit)
You shoot an arrow.
The arrow hits Terence but does no damage.
Terence is severely wounded.
Terence hits you with a +0 flail!
You die...

.....##.####
###...#
.....##.#
###.##
......##.#
#.†###
.......##.#
##....
........##.#
##).. #.#
#..## #####
#.# #..##.
#....##.#
#..#..
#....@@.#
#..#..
#....####
#..#.. #....
#..##. +<...
##..## +....
.... ......
.#.. #.(....
### #......
... ###


You could see Terence.

Vanquished Creatures
  Jessica (D:2)
  3 adders (D:2)
  A worm (D:2)
  An orc (D:2)
  3 ball pythons
  A bat (D:2)
  4 endoplasms
  A giant cockroach (D:1)
  2 goblins
  3 hobgoblins (D:1)
  4 jackals
  A quokka (D:2)
  4 frilled lizards
  6 kobolds
  2 rats
37 creatures vanquished.

Notes
Turn   | Place    | Note
-------+----------+-------------------------------------------
     0 | D:1      | mandarbmax the Formicid Hunter began the quest for the Orb.
     0 | D:1      | Reached XP level 1. HP: 16/16 MP: 1/1
   214 | D:1      | Reached XP level 2. HP: 18/22 MP: 2/2
   836 | D:2      | Reached XP level 3. HP: 14/27 MP: 3/3
   917 | D:2      | Reached skill level 5 in Ranged Weapons
   938 | D:2      | Noticed Jessica
   939 | D:2      | Killed Jessica
   940 | D:2      | Reached XP level 4. HP: 33/33 MP: 4/4
  1011 | D:2      | Found Wufis's Assorted Antiques.
  1311 | D:2      | Noticed Terence
  1339 | D:2      | Slain by Terence

Illustrated notes

Levels and vault maps discovered:
D:1:      kilobyte_arrival_exit_the_forest, layout_rooms,
          hangedman_decor_peaks_small, corner_web_ring,
          nicolae_concentric_dashed_squares_mild, minmay_misc_feat_pillars
D:2:      layout_basic, serial_shops, shop, kennysheep_jessica_study,
          uniq_jessica, uniq_terence

Skill      XL: |  1  2  3 |
---------------+----------+-----
Ranged Weapons | 5 |  5.9
Fighting       | |  2.1
Dodging        | |  1.7
Stealth        | |  1.2

Action                     |  1- 3 |  4- 6 || total
---------------------------+-------+-------++-------
   Fire: Shortbow          |    89 |    59 ||   148
Ability: Dig               |     1 |       ||     1
    Use: Scroll            |     1 |     1 ||     2
         Potion            |       |     2 ||     2
 Armour: Leather armour    |    10 |     7 ||    17
  Dodge: Dodged            |    37 |    31 ||    68

Table legend: (Time is in decaauts)
 A = Elapsed time spent in this place.
 B = Non-inter-level travel time spent in this place.
 C = Inter-level travel time spent in this place.
 D = Time resting spent in this place.
 E = Time spent auto-exploring this place.
 F = Levels seen in this place.
 G = Mean time per level.
                   A        B        C        D        E       F      G
               +--------+--------+--------+--------+--------+-----+--------+
         Total |   1386 |   1350 |     36 |      0 |   1071 |   2 |  693.0 |
       Dungeon |   1386 |   1350 |     36 |      0 |   1071 |   2 |  693.0 |
               +--------+--------+--------+--------+--------+-----+--------+

Top non-repeatable levels by time:
     D:1: 799 daAuts
     D:2: 586 daAuts
